 Dungeon Crawl Stone Soup version 0.30-a0-218-gedb9141078 (webtiles) character file.

Game seed: 2934354072175828887

1710 kae the Arsonist (level 8, -8/41 HPs)
             Began as a Deep Elf Fire Elementalist on Oct 5, 2022.
             Was a Follower of Vehumet.
             Mangled by a vampire (13 damage)
             ... on level 7 of the Dungeon.
             The game lasted 00:04:03 (7345 turns).

kae the Arsonist (Deep Elf Fire Elementalist)       Turns: 7345, Time: 00:04:04

Health: -8/41      AC:  2    Str:  5    XL:     8   Next: 74%
Magic:  12/20      EV: 12    Int: 23    God:    Vehumet [*.....]
Gold:   316        SH:  0    Dex: 15    Spells: 8/21 levels left

rFire   . . .      SeeInvis +    (no weapon)
rCold   . . .      Faith    .    (no shield)
rNeg    . . .      Spirit   .    a - +0 robe
rPois   .          Reflect  .    (no helmet)
rElec   .          Harm     .    (no cloak)
rCorr   .          Rampage  .    (no gloves)
Will    .....                    (no boots)
Stlth   ++........               (no amulet)
HPRegen 0.26/turn                v - ring of see invisible
MPRegen 0.17/turn                (no ring)

@: no status effects
A: no striking features
a: Renounce Religion


You were on level 7 of the Dungeon.
You worshipped Vehumet.
Vehumet was aware of your devotion.
You visited 2 branches of the dungeon, and saw 8 of its levels.

You collected 316 gold pieces.


   Skills:
 - Level 2.4 Dodging
 - Level 2.4 Stealth
 + Level 7.2 Spellcasting
 * Level 7.8 Conjurations
 * Level 8.4 Fire Magic


You had 8 spell levels left.
You knew the following spells:

 Your Spells              Type           Power      Damage    Failure   Level
a - Foxfire               Conj/Fire      100%       2x1d9     1%          1
b - Scorch                Fire           94%        2d10      1%          2
c - Inner Flame           Hex/Fire       27%        N/A       4%          3
d - Kindle Blastsparks    Fire/Tloc/Air  42%        2d13      7%          3
e - Flame Wave            Conj/Fire      45%        2d12      2%          4

Your spell library contained the following spells:

 Spells                   Type           Power      Damage    Failure   Level
 Shock                    Conj/Air       100%       1d9       1%          1
 Slow                     Hex            32%        N/A       8%          1
 Ensorcelled Hibernation  Hex/Ice        16%        N/A       12%         2
 Confusing Touch          Hex            8%         N/A       22%         3
 Gell's Gravitas          Tloc           8%         N/A       22%         3
 Lesser Beckoning         Tloc           16%        N/A       22%         3
 Spider Form              Tmut/Pois      8%         N/A       22%         3
 Teleport Other           Tloc           8%         N/A       22%         3
 Vampiric Draining        Necr           8%         2d6       22%         3
 Anguish                  Hex/Necr       4%         N/A       58%         4

Inventory:

Missiles
 h - 6 javelins
 i - 70 stones
 x - 7 poisoned darts
Armour
 a - a +0 robe (worn)
Magical Staves
 o - a staff of fire {!a}
   (You acquired it on level 4 of the Dungeon)
Jewellery
 v - a ring of see invisible (left hand)
   (You found it on level 4 of the Dungeon)
Wands
 r - a wand of flame (14)
   (You found it on level 5 of the Dungeon)
 s - a wand of iceblast (10)
   (You found it on level 4 of the Dungeon)
 y - a wand of paralysis (4)
   (You found it on level 5 of the Dungeon)
Scrolls
 f - 3 scrolls of teleportation {@r4}
 n - a scroll of noise {!r}
 z - a scroll of butterflies
Potions
 b - a potion of magic
 c - 8 potions of haste {@q3}
 d - 3 potions of lignification {!q}
 e - 5 potions of curing {@q1}
 g - 3 potions of flight
 j - a potion of resistance
 k - a potion of berserk rage {!q}
 l - a potion of might
 m - a potion of heal wounds {@q2}
 p - 3 potions of attraction {!q}
 q - a potion of invisibility
 A - a potion of degeneration {!q}

Dungeon Overview and Level Annotations

Branches:
Dungeon (7/15) Zot: 26938  Temple (1/1) D:6 Zot: 5588

Altars:
Ashenzari
Cheibriados
Dithmenos
Elyvilon
Fedhas
Gozag
Hepliaklqana
Kikubaaqudgha
Makhleb
Nemelex Xobeh
Okawaru
Qazlal
Ru
Sif Muna
Trog
Uskayaw
Vehumet
Yredelemnul
Zin
The Shining One

#...###+###...##......
#...##...##...#.......#
#...#.........#.......#
#...#.........#.......#
#...#.........+.......#
#...##...##...#.......#
#...##...##...#.......#
#.............'.......#
#.............#@......#
#.............#V......#
###########..##.......#
##..#......###
#...#......#
#...#......+
#...#......#
#...#......# #####


You could see a vampire (invisible, combustible).


Message History

You conjure some foxfire! 😎 MP[-1]
You lost 1 mp, and now have 18/20 mp.
There is an open door here.
Things that are here:
a +0 club; an orc corpse
i - 70 stones (gained 6)
Things that are here:
a +0 club; an orc corpse
There is an open door here.
You open the door.
An orc comes into view. It is wielding a +0 hand axe.
Casting: Foxfire (safe; 1% risk of failure)
Confirm with . or Enter, or press ? or * to list all spells.
You conjure some foxfire!
The orc shouts!
The foxfire hits the orc!
You kill the orc!
Vehumet accepts your kill. 😎 MP[+1]
There is an open door here.
You see here a +0 hand axe.
You now have 316 gold pieces (gained 9).
Done exploring. 😎 MP[+1]
Your mp is fully restored (20).
Done exploring.
Done exploring.
Done exploring.
Okay, then.
Okay, then.
(D) Dungeon (T) Temple
Where to? (Enter - D:6, ? - help)
You see here a +0 hand axe.
There is an open door here.
Things that are here:
a +0 flail; a +0 flail; a gnoll skeleton You see here a +0 halberd.
There is a stone staircase leading down here.
You climb downwards.
There is a stone staircase leading up here.
c - 8 potions of haste {@q3} (gained 2)
You open the door.
A vampire comes into view.
There is an open door here.
A vampire is nearby!
A vampire is nearby!
A vampire is nearby!
Casting: Foxfire (safe; 1% risk of failure)
Confirm with . or Enter, or press ? or * to list all spells.
You conjure some foxfire!
The foxfire hits the vampire. x2 😎 MP[-1]
You lost 1 mp, and now have 19/20 mp.
Casting: Foxfire (safe; 1% risk of failure)
Confirm with . or Enter, or press ? or * to list all spells.
You conjure some foxfire!
The foxfire hits the vampire but does no damage. x2
The vampire casts a spell.
The vampire flickers and vanishes for a moment. 😎 MP[-1]
You lost 1 mp, and now have 18/20 mp.
Casting: Foxfire (safe; 1% risk of failure)
Confirm with . or Enter, or press ? or * to list all spells.
Flames lash the vampire.
The vampire's fire resistance burns away.
The vampire hits you!
The vampire closely misses you. 😕 HP[-7] MP[-1]
You take 7 damage, and now have 34/41 hp.
You lost 1 mp, and now have 17/20 mp.
Casting: Scorch (safe; 1% risk of failure)
Confirm with . or Enter, or press ? or * to list all spells.
Flames lash the vampire.
The vampire is burned terribly!
The vampire hits you! The vampire closely misses you. The vampire hits you.
The vampire bites you but does no damage. 😮 HP[-13] MP[-2]
You take 13 damage, and now have 21/41 hp.
MASSIVE DAMAGE!! (PAUSE)
You lost 2 mp, and now have 15/20 mp.
Casting: Scorch (safe; 1% risk of failure)
Confirm with . or Enter, or press ? or * to list all spells.
Flames lash the vampire.
The vampire is burned terribly!
The vampire closely misses you. The vampire barely misses you.
The vampire hits you.
* * * LOW HITPOINT WARNING * * *
The vampire barely misses you. 😨 HP[-6] MP[-2]
You take 6 damage, and now have 15/41 hp.
You lost 2 mp, and now have 13/20 mp.
Casting: Scorch (safe; 1% risk of failure)
Confirm with . or Enter, or press ? or * to list all spells.
Flames lash the vampire but do no damage.
The vampire hits you.
* * * LOW HITPOINT WARNING * * *
The vampire barely misses you. The vampire hits you!
* * * LOW HITPOINT WARNING * * *
The vampire bites you!
You die...

Skill      XL: |  1  2  3  4  5  6  7  8 |
---------------+-------------------------+-----
Conjurations   | 2 3 4 5 6 7 |  7.8
Fire Magic     | 4 5 6 7 8 |  8.4
Spellcasting   | 4 5 6 7 |  7.2
Dodging        | |  2.4
Stealth        | |  2.4

Action                   |  1- 3 |  4- 6 |  7- 9 || total
-------------------------+-------+-------+-------++-------
Melee: Unarmed           |     1 |       |       ||     1
 Cast: Foxfire           |    83 |    62 |    51 ||   196
       Scorch            |     1 |     9 |    33 ||    43
       Flame Wave        |       |       |     2 ||     2
Evoke: Wand              |       |     3 |     3 ||     6
  Use: Scroll            |     5 |    10 |     5 ||    20
Armor: Robe              |     6 |     2 |     2 ||    10
Dodge: Dodged            |     9 |    11 |    27 ||    47

Levels and vault maps discovered:
D:1:      ncdulo_watergridlock, layout_loops_cross, serial_bayou,
          serial_bayou_crossing, serial_bayou_shore_a, serial_bayou_pond_e,
          serial_bayou_pond_a, shapermc_ecumenical_altar_hornbeckon,
          minmay_misc_feat_plants, nicolae_figureground_pulse
D:2:      layout_basic
D:3:      layout_loops_ring, nicolae_concentric_dashed_squares_wild,
          uniq_natasha, uniq_crazy_yiuf_cottage
D:4:      layout_basic, minmay_goblin_outpost
D:5:      layout_basic
D:6:      kennysheep_six_static_rooms, layout_basic,
          minmay_temple_entry_statues_fountains, roderic_roman_lattice
D:7:      layout_gridville
Temple:   mainiacjoe_temple_big_plus

Notes
Turn   | Place    | Note
-------+----------+-------------------------------------------
     0 | D:1      | kae the Deep Elf Fire Elementalist began the quest for the
                  | Orb.
     0 | D:1      | Reached XP level 1. HP: 10/10 MP: 6/6
     0 | D:1      | magus.rc [v1.11.3]
   156 | D:1      | Reached XP level 2. HP: 15/15 MP: 6/8
   417 | D:1      | You pick up a book of Dreams and begin reading...
   417 | D:1      | You add the spells Ensorcelled Hibernation, Spider Form and
                  | Anguish to your library.
   723 | D:1      | Reached skill level 2 in Conjurations
   898 | D:1      | You pick up a book of Displacement and begin reading...
   898 | D:1      | You add the spells Lesser Beckoning, Gell's Gravitas and
                  | Teleport Other to your library.
  1018 | D:1      | Found a faded altar of an unknown god.
  1168 | D:2      | Reached XP level 3. HP: 19/19 MP: 5/9
  1387 | D:2      | Learned a level 2 spell: Scorch
  1391 | D:2      | Learned a level 3 spell: Inner Flame
  1464 | D:2      | Reached skill level 4 in Fire Magic
  1698 | D:2      | Reached XP level 4. HP: 24/24 MP: 7/11
  1867 | D:2      | Reached skill level 3 in Conjurations
  2052 | D:3      | Noticed Natasha
  2056 | D:3      | Killed Natasha
  2057 | D:3      | Reached skill level 4 in Spellcasting
  2272 | D:3      | Noticed Natasha
  2276 | D:3      | Killed Natasha
  2277 | D:3      | Reached XP level 5. HP: 28/28 MP: 9/13
  2287 | D:3      | Noticed Natasha
  2293 | D:3      | Killed Natasha
  2602 | D:3      | Found a runed translucent door.
  2603 | D:3      | Noticed Crazy Yiuf
  2977 | D:3      | Killed Crazy Yiuf
  2978 | D:3      | Reached skill level 5 in Fire Magic
  3153 | D:4      | Reached skill level 4 in Conjurations
  3886 | D:4      | Identified a scroll of acquirement
  3886 | D:4      | Acquired a staff of fire
  3958 | D:5      | Entered Level 5 of the Dungeon
  4052 | D:5      | Noticed an ogre
  4066 | D:5      | Killed an ogre
  4067 | D:5      | Reached XP level 6. HP: 32/32 MP: 7/15
  4228 | D:5      | Noticed a water moccasin
  4232 | D:5      | Reached skill level 5 in Spellcasting
  4237 | D:5      | Reached skill level 5 in Conjurations
  4237 | D:5      | Killed a water moccasin
  4238 | D:5      | Reached skill level 6 in Fire Magic
  4238 | D:5      | Reached XP level 7. HP: 13/36 MP: 10/17
  4944 | D:6      | HP: 9/36 [black bear (5)]
  4946 | D:6      | Reached skill level 6 in Conjurations
  5179 | D:6      | HP: 4/36 [gnoll/+0 halberd[a gnoll bouda] (13)]
  5335 | D:6      | Found a staircase to the Ecumenical Temple.
  5347 | Temple   | Entered the Ecumenical Temple
  5728 | Temple   | Became a worshipper of Vehumet
  5830 | D:6      | Learned a level 3 spell: Kindle Blastsparks
  5835 | D:6      | Learned a level 4 spell: Flame Wave
  5853 | D:6      | Reached skill level 6 in Spellcasting
  5853 | D:6      | Reached skill level 7 in Fire Magic
  5884 | D:6      | Reached XP level 8. HP: 36/41 MP: 13/19
  5886 | D:6      | HP: 2/41 [orc priest/divine providence (11)]
  6397 | D:6      | HP: 4/41 [gnoll/+0 halberd[a gnoll bouda] (7)]
  6662 | D:6      | Reached skill level 7 in Conjurations
  6930 | D:6      | Reached skill level 8 in Fire Magic
  6933 | D:6      | Reached skill level 7 in Spellcasting
  6939 | D:6      | Reached * piety under Vehumet
  6939 | D:6      | Offered knowledge of Shock by Vehumet.
  7040 | D:6      | You pick up a book of Debilitation and begin reading...
  7040 | D:6      | You add the spells Slow, Vampiric Draining and Confusing
                  | Touch to your library.
  7055 | D:6      | Identified the +9 dagger of Amorality {drain, rN+ Dex+6
                  | Stlth-}
  7345 | D:7      | HP: 5/41 [vampire (8)]
  7345 | D:7      | Mangled by a vampire

Vanquished Creatures
  2 water moccasins
  2 ice beasts
  2 ogres
  A black bear (D:6)
  2 phantoms
  4 scorpions
  A kobold brigand (D:6)
  An orc priest (D:6)
  2 hounds
  2 gnoll boudas (D:6)
  Crazy Yiuf (D:3)
  2 jellies
  Natasha (thrice) (D:3)
  An orc wizard (D:6)
  7 adders
  11 gnolls (D:6)
  2 worms (D:2)
  2 dart slugs
  5 orcs
  9 endoplasms
  4 giant cockroaches
  17 goblins
  5 hobgoblins
  2 quokkas
  6 ball pythons
  5 bats
  7 frilled lizards
  6 kobolds
  6 rats
120 creatures vanquished.

Vanquished Creatures (collateral kills)
  4 foxfires (D:1)
4 creatures vanquished.

Vanquished Creatures (others)
  322 foxfires
322 creatures vanquished.

Grand Total: 446 creatures vanquished

Table legend:
 A = Non-vault XP
 B = Vault XP
 C = Vault XP percentage of total XP
 D = Non-vault monster count
 E = Vault monster count
 F = Vault count percentage of total count
                 A         B        C        D         E       F
            +---------+---------+-------+---------+---------+-------
      Total |    2111 |     333 |  13.6 |     103 |      17 |  14.2
            +---------+---------+-------+---------+---------+-------
        D:1 |      36 |       0 |   0.0 |      22 |       0 |   0.0
        D:2 |      76 |       0 |   0.0 |      25 |       0 |   0.0
        D:3 |     110 |      77 |  41.2 |      14 |       2 |  12.5
        D:4 |       7 |      17 |  70.8 |       4 |       9 |  69.2
        D:5 |     683 |       0 |   0.0 |       8 |       0 |   0.0
        D:6 |    1199 |     239 |  16.6 |      30 |       6 |  16.7
            +---------+---------+-------+---------+---------+-------

Illustrated notes

Table legend:
 A = Kills in this place as a percentage of kills in entire the game.
 B = Kills by you in this place as a percentage of kills by you in the entire game.
 C = Kills by friends in this place as a percentage of kills by friends in the entire game.
 D = Other kills in this place as a percentage of other kills in the entire game.
 E = Experience gained in this place as a percentage of experience gained in the entire game.
 F = Experience gained in this place divided by the number of levels of this place that you have seen.
                   A       B       C       D       E      F
               +-------+-------+-------+-------+-------+----------------------
         Total | 100.0 | 100.0 |   N/A |   N/A | 100.0 | 305.5
       Dungeon | 100.0 | 100.0 |   N/A |   N/A | 100.0 | 349.1
               +-------+-------+-------+-------+-------+----------------------

Table legend: (Time is in decaauts)
 A = Elapsed time spent in this place.
 B = Non-inter-level travel time spent in this place.
 C = Inter-level travel time spent in this place.
 D = Time resting spent in this place.
 E = Time spent auto-exploring this place.
 F = Levels seen in this place.
 G = Mean time per level.
                   A        B        C        D        E       F      G
               +--------+--------+--------+--------+--------+-----+--------+
         Total |   7380 |   7066 |    314 |    258 |   6034 |   8 |  922.5 |
       Dungeon |   6968 |   6698 |    270 |    258 |   5674 |   7 |  995.4 |
        Temple |    411 |    368 |     43 |      0 |    360 |   1 |  411.0 |
               +--------+--------+--------+--------+--------+-----+--------+

Top non-repeatable levels by time:
     D:6: 1707 daAuts
     D:5: 1208 daAuts
     D:1: 1179 daAuts
     D:3: 1088 daAuts
     D:4: 875 daAuts
     D:2: 848 daAuts
  Temple: 411 daAuts
     D:7: 60 daAuts
